 Dungeon Crawl Stone Soup version 0.31-a0-818-ge7c7cf74f0 (webtiles) character file.

Game seed: 3109611484829099463

166 Newt the Shooter (level 5, -10/35 HPs)
             Began as a Kobold Hunter on Sept 22, 2023.
             Mangled by an ogre
             ... wielding a +0 giant club
              (17 damage)
             ... on level 4 of the Dungeon.
             The game lasted 00:02:32 (3262 turns).

Newt the Shooter (Kobold Hunter)                    Turns: 3262, Time: 00:02:33

Health: -10/35     AC:  6    Str:  8    XL:     5   Next: 76%
Magic:  5/5        EV: 14    Int: 10    God:
Gold:   180        SH:  0    Dex: 21    Spells: 4/4 levels left

rFire   . . .        a - +0 shortbow
rCold   . . .        (shield currently unavailable)
rNeg    . . .        c - +0 leather armour
rPois   .            h - +1 helmet
rElec   .            (no cloak)
rCorr   .            e - +0 pair of gloves
SInv    .            (no boots)
Will    .....        (no amulet)
Stlth   +++          (no ring)
HPRegen 0.25/turn    (no ring)
MPRegen 0.09/turn

%: no passive effects
@: mighty
A: small, no large weapons, nightstalker 3
a: no special abilities


You were on level 4 of the Dungeon.
You visited 1 branch of the dungeon, and saw 4 of its levels.

You collected 180 gold pieces.

Inventory:

Hand Weapons
 a - a +0 shortbow (weapon)
Armour
 c - a +0 leather armour (worn)
 e - a +0 pair of gloves (worn)
 h - a +1 helmet (worn)
Scrolls
 d - a scroll of noise
Potions
 f - a potion of degeneration
 i - a potion of might
 k - a potion of curing
 l - a potion of cancellation


   Skills:
 - Level 5.0 Fighting
 + Level 6.7 Ranged Weapons
 - Level 2.4 Dodging
 - Level 1.3 Stealth


You had 4 spell levels left.
You didn't know any spells.
Your spell library contained the following spells:

 Spells                   Type           Power      Damage    Failure   Level
 Vhi's Electric Charge    Tloc/Air       0%         N/A       99%         4
 Arcjolt                  Conj/Air       0%         1d10      100%        5
 Plasma Beam              Fire/Air       0%         2x1d10    100%        6


Dungeon Overview and Level Annotations

Branches:
Dungeon (4/15)
 Temple: D:4-7

Altars:
Dithmenos
Sif Muna


Innate Abilities, Weirdness & Mutations

You are small and have problems with some larger weapons.
You are completely attuned to the shadows.


Message History

Press: ? - help, Shift-Dir - straight line, f/p - ogre
Aim: an ogre, wielding a +0 giant club (moderately wounded, 79% to hit)
You shoot an arrow. The arrow barely misses your butterfly.
The arrow closely misses the hobgoblin.
The arrow barely misses the ogre.
The hobgoblin misses your butterfly.
Unknown command.
Unknown command.
Fire: a) +0 shortbow
Press: ? - help, Shift-Dir - straight line, f - hobgoblin
Aim: a hobgoblin (67% to hit)
You shoot an arrow. The arrow hits your butterfly!
You kill your butterfly!
Your butterfly disappears in a burst of colours!
The hobgoblin barely misses your butterfly.
The hobgoblin hits your butterfly.
Your butterfly dies!
Your butterfly disappears in a burst of colours!
Unknown command.
Fire: a) +0 shortbow
Press: ? - help, Shift-Dir - straight line, f/p - hobgoblin
Aim: a hobgoblin (67% to hit)
You shoot an arrow. The arrow hits the hobgoblin!
You kill the hobgoblin!
Unknown command.
Unknown command.
Fire: a) +0 shortbow
Press: ? - help, Shift-Dir - straight line, f - ogre
Aim: an ogre, wielding a +0 giant club (moderately wounded, 79% to hit)
You shoot an arrow. The arrow barely misses the ogre.
Unknown command.
You shoot an arrow.
The arrow hits the ogre but does no damage.
The ogre is moderately wounded.
The ogre hits you with a +0 giant club!
* * * LOW HITPOINT WARNING * * *
Unknown command.
You shoot an arrow. The arrow hits the ogre.
The ogre is moderately wounded.
The ogre hits you with a +0 giant club!
You die...

$#...).....# ...
###.###..####.
###
#...g.#.......
... b###.#
###.#### ###
.b...# ..$#.# #
.###b###.###.# #
#.....#...#
###O###..## .
#@#....#
..###.##.# ######
#.....##...
.......# ####.##
#####......# #.#
#......# #.####
#......' # #....#
#......# ######
####.######...###
.....#
#..........#


You could see an ogre.

Vanquished Creatures
  2 orc wizards (D:3)
  2 adders
  2 worms (D:2)
  5 dart slugs
  2 orcs
  7 ball pythons
  10 endoplasms
  3 giant cockroaches
  5 goblins
  6 hobgoblins
  3 jackals (D:4)
  9 kobolds
  3 quokkas
  3 bats (D:1)
  6 frilled lizards
  11 rats
79 creatures vanquished.

Notes
Turn   | Place    | Note
-------+----------+-------------------------------------------
     0 | D:1      | Newt the Kobold Hunter began the quest for the Orb.
     0 | D:1      | Reached XP level 1. HP: 12/12 MP: 1/1
   158 | D:1      | Reached XP level 2. HP: 18/18 MP: 2/2
   429 | D:1      | Found a faded altar of an unknown god.
   585 | D:1      | Reached XP level 3. HP: 23/23 MP: 3/3
  1384 | D:2      | Reached XP level 4. HP: 30/30 MP: 4/4
  2032 | D:3      | Reached skill level 5 in Fighting
  2445 | D:3      | Found a shimmering blue altar of Sif Muna.
  2729 | D:3      | Reached skill level 6 in Ranged Weapons
  2729 | D:3      | Reached XP level 5. HP: 35/35 MP: 5/5
  3178 | D:4      | Found a shadowy altar of Dithmenos.
  3236 | D:4      | Noticed an ogre
  3262 | D:4      | Mangled by an ogre

Illustrated notes

Levels and vault maps discovered:
D:1:      dpeg_arrival_ratfight, layout_basic,
          hellmonk_ecumenical_altar_pennies_from_heaven,
          chequers_hall_statues_corner_a
D:2:      layout_loops_ring, supply_closet_lemuel
D:3:      layout_loops_corners, led_sif_book, minmay_starry_boxes
D:4:      layout_basic, mainiacjoe_overflow_tiny_flanked,
          evilmike_ruin_ashenzari, minmay_quantized

Skill      XL: |  1  2  3  4 |
---------------+-------------+-----
Fighting       | 3 4 5 |  5.0
Ranged Weapons | 6 |  6.7
Dodging        | |  2.4
Stealth        | |  1.3

Action                     |  1- 3 |  4- 6 || total
---------------------------+-------+-------++-------
   Fire: Shortbow          |    88 |   101 ||   189
    Use: Scroll            |     1 |     8 ||     9
         Potion            |       |     2 ||     2
 Armour: Leather armour    |    10 |    14 ||    24
  Dodge: Dodged            |    18 |    18 ||    36

Table legend: (Time is in decaauts)
 A = Elapsed time spent in this place.
 B = Non-inter-level travel time spent in this place.
 C = Inter-level travel time spent in this place.
 D = Time resting spent in this place.
 E = Time spent auto-exploring this place.
 F = Levels seen in this place.
 G = Mean time per level.
                   A        B        C        D        E       F      G
               +--------+--------+--------+--------+--------+-----+--------+
         Total |   3294 |   3243 |     51 |    105 |   2754 |   4 |  823.5 |
       Dungeon |   3294 |   3243 |     51 |    105 |   2754 |   4 |  823.5 |
               +--------+--------+--------+--------+--------+-----+--------+

Top non-repeatable levels by time:
     D:3: 1118 daAuts
     D:1: 1087 daAuts
     D:2: 831 daAuts
     D:4: 257 daAuts
